 Dungeon Crawl Stone Soup version 0.30-a0-557-ge2afbf3030 (webtiles) character file.

Game seed: 2162624015808085384

32949 demibob the Cruncher (level 13, -3/109 HPs)
             Began as a Demonspawn Gladiator on Dec 27, 2022.
             Was an Initiate of Gozag.
             Slain by a fire elemental (12 damage)
             ... in a Gauntlet.
             The game lasted 00:31:21 (14567 turns).

demibob the Cruncher (Demonspawn Gladiator)        Turns: 14567, Time: 00:31:21

Health: -3/109     AC: 26    Str: 11    XL:     13   Next: 34%
Magic:  13/13      EV: 16    Int: 10    God:    Gozag
Gold:   602        SH:  0    Dex: 25    Spells: 12/12 levels left

rFire   . . .      SeeInvis .    a - +10 quarterstaff of the Coin {freeze, rCorr}
rCold   + . .      Faith    .    (shield currently unavailable)
rNeg    . . .      Spirit   .    w - +9 chain mail "Jasedy" {Harm *Corrode rC+ Will++}
rPois   .          Reflect  .    u - +0 helmet of Broken Taboos {+Inv Str-3 Dex+4}
rElec   +          Harm     +    x - scarf {+Inv}
rCorr   +          Rampage  .    (no gloves)
Will    ++++.      NoTele   +    p - +1 pair of boots {Fly} Stlth
                                 o - amulet of the Louse {rElec Will++ Regen+ Str-2 Dex+3}
HPRegen 1.18/turn                T - +4 ring of protection
MPRegen 0.13/turn                E - +4 ring of evasion

@: brilliant, gold aura, flying, hasted, very quick
A: claws 1, ignite blood 3, powered by death 1, sturdy frame 1
a: Renounce Religion, Evoke Invisibility, Potion Petition, Call Merchant, Bribe
Branch


You were in a Gauntlet.
You worshipped Gozag.
Gozag was pleased with you.
You visited 3 branches of the dungeon, and saw 17 of its levels.
You also visited: Gauntlet.

You collected 3279 gold pieces.
You spent 565 gold pieces at shops.
You paid 2112 gold pieces to Gozag.


Innate Abilities, Weirdness & Mutations

You have sharp fingernails.
Your demonic aura causes all spilled blood to erupt in flames.
You regenerate a little health from kills.
Your movements are slightly less encumbered by armour. (ER -2)


   Skills:
 + Level 12.7 Fighting
 - Level 14.0 Staves
 - Level 1.7 Throwing
 - Level 5.1 Armour
 + Level 10.7 Dodging


You had 12 spell levels left.
You didn't know any spells.
Your spell library contained the following spells:

 Spells                   Type           Power      Damage    Failure   Level
 Foxfire                  Conj/Fire      0%         2x1d4     99%         1
 Magic Dart               Conj           0%         1d3       99%         1
 Slow                     Hex            0%         N/A       99%         1
 Sting                    Tmut/Pois      0%         1d3       99%         1
 Blink                    Tloc           0%         N/A       100%        2
 Momentum Strike          Conj/Tloc      0%         3d8       100%        2
 Poisonous Vapours        Pois/Air       0%         N/A       100%        2
 Searing Ray              Conj           0%         2d4       100%        2
 Confusing Touch          Hex            0%         N/A       100%        3
 Gell's Gravitas          Tloc           0%         N/A       100%        3
 Lesser Beckoning         Tloc           0%         N/A       100%        3
 Teleport Other           Tloc           0%         N/A       100%        3
 Vampiric Draining        Necr           0%         2d6       100%        3
 Fulminant Prism          Conj/Hex       0%         3d5       100%        4
 Olgreb's Toxic Radiance  Pois           0%         N/A       100%        4
 Yara's Violent Unravell  Hex/Tmut       0%         3d3       100%        5
 Dispersal                Tloc           0%         N/A       100%        6
 Enfeeble                 Hex            0%         N/A       100%        7

Inventory:

Hand Weapons
 a - the +10 quarterstaff of the Coin (weapon) {freeze, rCorr}
   (You bought it in a shop on level 9 of the Dungeon)

   It freezes those it strikes, dealing additional cold damage.
   It can also slow down cold-blooded creatures.
   rCorr:     It protects you from acid and corrosion.
 A - the +8 demon blade "Leech" {vamp, Harm Drain rN+}
   (You found it on level 1 of the Lair of Beasts)

   It heals its wielder for a portion of the damage dealt every time it strikes
   a living foe.
   rN:        It protects you from negative energy.
   Drain:     It drains your maximum health when unequipped.
   Harm:      It increases damage dealt and taken.
 J - a +1 spectral quarterstaff
 P - the +9 quarterstaff "Vemof" {heavy, rPois rF+ rN+ Str-3}
   (You found it in a Gauntlet)

   It deals dramatically more damage, but attacks with it are much slower.
   Str:       It affects your strength (-3).
   rF:        It protects you from fire.
   rPois:     It protects you from poison.
   rN:        It protects you from negative energy.
Missiles
 d - 4 throwing nets (quivered) {=f}
 O - a javelin
Armour
 k - a +2 chain mail of willpower
 p - a +1 pair of boots of flying (worn)
 u - the +0 helmet of Broken Taboos (worn) {+Inv Str-3 Dex+4}
   (You found it on level 7 of the Dungeon)

   Str:       It affects your strength (-3).
   Dex:       It affects your dexterity (+4).
   +Inv:      It lets you turn invisible.
 w - the +9 chain mail "Jasedy" (worn) {Harm *Corrode rC+ Will++}
   (You bought it in a shop on level 9 of the Dungeon)

   rC:        It protects you from cold.
   *Corrode:  It may corrode you when you take damage.
   Harm:      It increases damage dealt and taken.
   Will:      It greatly increases your willpower.
 x - a scarf of invisibility (worn)
Jewellery
 c - a ring of ice
 e - a +4 ring of evasion
 g - an amulet of reflection
 o - the amulet of the Louse (around neck) {rElec Will++ Regen+ Str-2 Dex+3}
   (You found it in a Gauntlet)

   [amulet of regeneration]

   Str:       It affects your strength (-2).
   Dex:       It affects your dexterity (+3).
   rElec:     It insulates you from electricity.
   Regen:     It increases your rate of health regeneration.
   Will:      It greatly increases your willpower.
 C - a ring of ice
 E - a +4 ring of evasion (right claw)
 M - a ring of magical power
 T - a +4 ring of protection (left claw)
Wands
 v - a wand of polymorph (7)
 F - a wand of mindburst (3)
 H - a wand of iceblast (4)
Scrolls
 h - 5 scrolls of teleportation {@r2}
 i - 3 scrolls of fog
 m - 2 scrolls of amnesia
 D - 3 scrolls of immolation
 I - a scroll of blinking
Potions
 b - 3 potions of attraction
 f - 3 potions of brilliance
 j - 3 potions of lignification
 l - a potion of degeneration {unknown}
 n - 6 potions of mutation
 q - a potion of cancellation
 r - a potion of haste {unknown}
 s - a potion of flight {unknown}
 z - a potion of magic
 G - a potion of invisibility
 N - a potion of might {unknown}
Miscellaneous
 t - a piece from Xom's chessboard (15/15)
 y - a box of beasts (inert)
 B - a condenser vane

Dungeon Overview and Level Annotations

Branches:
Dungeon (12/15)            Temple (1/1) D:6            Lair (4/5) D:10
  Swamp (0/4) Lair:2       Spider (0/4) Lair:3          Orc (0/2) D:12
Gauntlet (1/1)
  Slime: Lair:4-5

Altars:
Ashenzari
Cheibriados
Dithmenos
Fedhas
Gozag
Hepliaklqana
Kikubaaqudgha
Makhleb
Qazlal
Ru
Trog
Uskayaw
Vehumet
Wu Jian
Xom
Yredelemnul
Jiyva

Shops:
D:9 [(

Annotations:
D:4 1 runed translucent door, Crazy Yiuf
D:10 3 runed translucent doors, arthad's ghost, journeyman DjFE
Lair:4 Nessos Gauntlet 9 transporters, 21 runed translucent doors

...................≈▒
....................▒
▒▒▒▒...▒▒▒▒▒▒▒▒▒▒▒..▒▒▒
...▒.8.▒...░..$..▒..▒8▒
▒▒.▒...▒..▒.$░▒^.▒..▒▒▒
▒^.▒▒▒▒▒..▒░.^▒○=▒..▒▓▓▓▓
...▒...▒..▒..░▒.○▒..▒≈8≈▓
..©▒©.©▒..▒░©E▒.R▒..▒...▓▓▓
..}▒...▒..▒..░▒.@▒..▒.8....
▒^.▒▒▒▒▒..▒░..▒.E▒..▒...▓▓▓
▒▒.▒...▒..▒..░▒°.▒..▒.8....
...▒...▒...░.h...▒..▒...▓.▓
▒▒▒▒...▒▒▒▒▒▒▒▒▒▒▒..▒...▓ ▓
.....≈.............≈▒.©.▓
....≈8≈............∩▒...▓
.....≈.............≈▒.©.▓
▒▒▒▒...▒▒▒▒▒▒▒▒▒▒▒..▒...▓


You could see an efreet, 2 fire elementals and a hell hound.


Message History

You see here 20 gold pieces.
The efreet is distracted by your dazzling golden aura.
There is a transporter landing site here.
The hell hound breathes flames at you.
The blast of flame hits the fire elemental.
The fire elemental completely resists.
The blast of flame misses you.
The death scarab is distracted by your dazzling golden aura.
The efreet drops a net on you.
You become entangled in the net!
You see here a throwing net {=f}.
You struggle against the net.
You struggle against the net.
The hell hound is distracted by your dazzling golden aura.
The fire elemental hits you. The fire elemental burns you!
* * * LOW HITPOINT WARNING * * *
You struggle against the net.
The fire elemental hits you. The fire elemental burns you!
* * * LOW HITPOINT WARNING * * *
You rip the net and break free!
The fire elemental misses you.
The hell hound barks!
You hit the efreet. You freeze the efreet.
The efreet is lightly wounded.
The efreet hits you with a +3 scimitar of flaming!
* * * LOW HITPOINT WARNING * * *
The efreet burns you.
* * * LOW HITPOINT WARNING * * *
You hit the efreet. You freeze the efreet.
The efreet is moderately wounded.
The fire elemental hits you. The fire elemental burns you!
You die...
Your body crumbles into a pile of gold.

Skill      XL: |  1  2  3  4  5  6  7  8  9 10 11 12 13 |
---------------+----------------------------------------+-----
Staves         | 3 4 5 6 7 9 11 13 14 | 14.0
Armour         | 4 5 |  5.1
Fighting       | 5 9 11 12 | 12.7
Dodging        | 6 9 10 | 10.7
Throwing       | |  1.7

Action                   |  1- 3 |  4- 6 |  7- 9 | 10-12 | 13-15 || total
-------------------------+-------+-------+-------+-------+-------++-------
Melee: Quarterstaff      |   119 |   173 |   354 |   750 |    99 ||  1495
Throw: Throwing net      |       |       |     1 |       |       ||     1
Invok: Call Merchant     |       |       |       |     2 |       ||     2
       Potion Petition   |       |       |       |       |     1 ||     1
Evoke: Wand              |       |       |     6 |     3 |       ||     9
       Condenser vane    |       |       |       |     1 |       ||     1
       Box of beasts     |       |       |       |     1 |       ||     1
  Use: Scroll            |     3 |     4 |    12 |    10 |     6 ||    35
       Potion            |       |       |     5 |     7 |     5 ||    17
 Stab: Sleeping          |     1 |       |       |       |       ||     1
       Paralysed         |       |       |     5 |       |       ||     5
       Distracted        |       |       |     1 |     8 |     2 ||    11
Armor: Leather armour    |    42 |       |       |       |       ||    42
       Ring mail         |     4 |    17 |       |       |       ||    21
       Chain mail        |       |    87 |   209 |   352 |    45 ||   693
Dodge: Dodged            |    70 |    63 |   111 |   255 |    77 ||   576
Block: Other             |       |       |       |   107 |    10 ||   117
       Reflection        |       |       |       |     2 |       ||     2

Levels and vault maps discovered:
D:1:      lightli_arrival_quake, layout_basic,
          shapermc_ecumenical_altar_rom_forum, supply_closet_lemuel,
          minivault_24
D:2:      minmay_inner_zag, layout_basic
D:3:      layout_basic, kennysheep_orc_chapel
D:4:      layout_loops_corners, nicolae_overflow_hallway_of_the_gods,
          uniq_crazy_yiuf_cottage, uniq_eustachio, uniq_ijyb
D:5:      layout_cave_pods, uniq_menkaure
D:6:      layout_rooms, zin_angel, mainiacjoe_overflow_catwalk,
          minmay_temple_entry_crystal_x
D:7:      layout_rooms, nicolae_qazlal_style_of_elements,
          hellmonk_bongcloud_opening, serial_bayou_pond_a
D:8:      layout_basic, evilmike_ruin_ashenzari,
          worldfamousw_hep_ancestral_shrine, hangedman_ranch
D:9:      layout_irregular_city, nicolae_tso_swordbearing_angel,
          mainiacjoe_overflow_concentric_impassable,
          chequers_serial_rivers_small_3
D:10:     layout_big_octagon, lair_entry_dummy, gammafunk_ghost_ooze, uniq_lodul
D:11:     cheibrodos_fzero, layout_cave_pools, serial_undead, serial_undead_e,
          serial_undead_e, serial_undead_a, serial_undead_c,
          onia_ninara_dug_in_and_dangerous
D:12:     layout_basic, hiddenorc2_lemuel, gauntlet_entry_generic,
          cheibriados_altar_2, uniq_jorgrun
Temple:   cyrus_temple_forest
Lair:1:   wad_woods_minihive, layout_cave_pods, dreamdust_deal_with_the_devil,
          grunt_forest_small_clearing_treed
Lair:2:   layout_roguey, minmay_swamp_entry_reptiles, hibernation_bobbens,
          uniq_fannar
Lair:3:   layout_regular_city, dummy_spider_entry
Lair:4:   layout_cave_pods, lemuel_fruit_tree, uniq_nessos
Gauntlet: gammafunk_gauntlet_shortcut [gammafunk_gauntlet_arena_split_x,
          gammafunk_gauntlet_arena_teeth, nicolae_gauntlet_arena_grate_2,
          minmay_gauntlet_arena_make_your_own_arena,
          nicolae_gauntlet_arena_blocks, nicolae_gauntlet_swirl,
          nicolae_gauntlet_exit_dead_adventurers]

Notes
Turn   | Place    | Note
-------+----------+-------------------------------------------
     0 | D:1      | demibob the Demonspawn Gladiator began the quest for the
                  | Orb.
     0 | D:1      | Reached XP level 1. HP: 16/16 MP: 1/1
    47 | D:1      | Reached skill level 3 in Staves
   175 | D:1      | Gained mutation: You regenerate a little health from kills.
                  | [demonic ancestry]
   175 | D:1      | Reached XP level 2. HP: 22/22 MP: 2/2
   596 | D:1      | Gained mutation: Your demonic aura sometimes causes spilled
                  | blood to erupt in flames. [demonic ancestry]
   596 | D:1      | Reached XP level 3. HP: 27/27 MP: 3/3
   615 | D:1      | Found a faded altar of an unknown god.
   619 | D:1      | Got Plato's Cyclopedia of the Volcanoes
   801 | D:2      | Reached skill level 4 in Staves
  1495 | D:2      | Gained mutation: Your demonic aura often causes spilled
                  | blood to erupt in flames. [demonic ancestry]
  1495 | D:2      | Reached XP level 4. HP: 25/33 MP: 4/4
  1740 | D:3      | Reached skill level 5 in Staves
  1746 | D:3      | Reached XP level 5. HP: 36/38 MP: 5/5
  2197 | D:3      | Reached skill level 6 in Staves
  2329 | D:4      | Reached XP level 6. HP: 44/44 MP: 6/6
  2657 | D:4      | Noticed Eustachio
  2710 | D:4      | Killed Eustachio
  2711 | D:4      | Reached skill level 7 in Staves
  2711 | D:4      | Reached XP level 7. HP: 50/50 MP: 7/7
  3102 | D:4      | Noticed Ijyb
  3110 | D:4      | Paralysed by Ijyb for 4 turns
  3113 | D:4      | Killed Ijyb
  3291 | D:4      | Found an ornate altar of the Wu Jian Council.
  3297 | D:4      | Found a bloodstained altar of Trog.
  3300 | D:4      | Found a radiant altar of Vehumet.
  3308 | D:4      | Found a sacrificial altar of Ru.
  3316 | D:4      | Reached skill level 8 in Staves
  3426 | D:4      | Found a shimmering altar of Xom.
  3510 | D:4      | Found a runed translucent door.
  3511 | D:4      | Noticed Crazy Yiuf
  3568 | D:5      | Entered Level 5 of the Dungeon
  3599 | D:5      | Noticed Menkaure
  3611 | D:5      | Killed Menkaure
  4081 | D:5      | Reached skill level 9 in Staves
  4081 | D:5      | Reached XP level 8. HP: 56/56 MP: 8/8
  4554 | D:6      | Found a staircase to the Ecumenical Temple.
  4594 | D:6      | Reached skill level 10 in Staves
  4710 | Temple   | Entered the Ecumenical Temple
  4744 | Temple   | Became a worshipper of Gozag Ym Sagoz the Greedy
  4776 | D:6      | Found an ancient bone altar of Kikubaaqudgha.
  5060 | D:6      | Noticed an angel
  5255 | D:7      | Reached skill level 11 in Staves
  5527 | D:7      | Gained mutation: Your movements are slightly less
                  | encumbered by armour. (ER -2) [demonic ancestry]
  5527 | D:7      | Reached XP level 9. HP: 30/61 MP: 9/9
  5930 | D:7      | Identified the +0 helmet of Broken Taboos {+Inv Str-3
                  | Dex+4}
  6022 | D:7      | Found a stormy altar of Qazlal.
  6231 | D:8      | Reached skill level 12 in Staves
  6305 | D:8      | Noticed a three-headed hydra
  6310 | D:8      | Killed a three-headed hydra
  6316 | D:8      | Reached skill level 13 in Staves
  6470 | D:8      | Gained mutation: Your demonic aura causes all spilled blood
                  | to erupt in flames. [demonic ancestry]
  6470 | D:8      | Reached XP level 10. HP: 60/67 MP: 10/10
  6512 | D:8      | Found a hazy altar of Hepliaklqana.
  6660 | D:8      | Found a broken altar of Ashenzari.
  6879 | D:9      | Reached skill level 14 in Staves
  6935 | D:9      | Found a basalt altar of Yredelemnul.
  7038 | D:9      | Noticed a two-headed ogre
  7060 | D:9      | Reached skill level 1 in Armour
  7065 | D:9      | Killed a two-headed ogre
  7066 | D:9      | Reached skill level 3 in Fighting
  7066 | D:9      | Reached skill level 2 in Armour
  7664 | D:9      | Bought a masterwork chain mail for 304 gold pieces
  7664 | D:9      | Identified the +9 chain mail "Jasedy" {Harm *Corrode rC+
                  | Will++} (You bought it in a shop on level 9 of the Dungeon)
  7676 | D:10     | Entered Level 10 of the Dungeon
  7683 | D:10     | Reached skill level 4 in Fighting
  7719 | D:10     | Reached skill level 3 in Armour
  7766 | D:10     | HP: 2/72 [slime creature (18)]
  8181 | D:9      | Reached skill level 5 in Fighting
  8181 | D:9      | Reached skill level 4 in Armour
  8338 | D:10     | Found a staircase to the Lair.
  8348 | D:10     | Noticed a gargoyle
  8362 | D:10     | Killed a gargoyle
  8372 | D:10     | Found a runed translucent gate.
  8372 | D:10     | Found a runed translucent gate.
  8372 | D:10     | Found a runed translucent gate.
  8373 | D:10     | Found a viscous altar of Jiyva.
  8373 | D:10     | Noticed arthad's ghost (journeyman DjFE)
  8373 | D:10     | Noticed a great orb of eyes
  8395 | D:10     | Noticed Lodul
  8418 | D:10     | Killed Lodul
  8419 | D:10     | Reached XP level 11. HP: 60/81 MP: 11/11
  8421 | D:10     | Reached skill level 6 in Fighting
  8421 | D:10     | Reached skill level 5 in Armour
  8629 | Lair:1   | Entered Level 1 of the Lair of Beasts
  8651 | Lair:1   | Reached skill level 3 in Dodging
  8914 | Lair:1   | Found the +8 demon blade "Leech" {vamp, Harm Drain rN+}
  9039 | Lair:1   | Reached skill level 4 in Dodging
  9054 | Lair:1   | Reached skill level 7 in Fighting
  9615 | Lair:1   | Reached skill level 5 in Dodging
 10178 | Lair:1   | Reached skill level 8 in Fighting
 10637 | Lair:2   | Noticed a death yak
 10704 | Lair:1   | Reached skill level 6 in Dodging
 11036 | D:11     | Noticed a green ugly thing
 11037 | D:11     | Noticed a red ugly thing
 11054 | D:11     | Killed a green ugly thing
 11065 | D:11     | Killed a red ugly thing
 11066 | D:11     | Reached skill level 9 in Fighting
 11315 | D:11     | Noticed a boulder beetle
 11338 | D:11     | Identified 2 potions of resistance
 11351 | D:11     | Reached XP level 12. HP: 64/95 MP: 12/12
 11363 | D:11     | Reached skill level 7 in Dodging
 11393 | D:11     | Killed a boulder beetle
 11479 | D:11     | Noticed a two-headed ogre
 11488 | D:11     | Killed a two-headed ogre
 11489 | D:11     | Reached skill level 10 in Fighting
 11562 | D:11     | Reached skill level 8 in Dodging
 11776 | D:11     | Noticed a two-headed ogre
 12260 | D:9      | Bought a crystal quarterstaff for 261 gold pieces
 12260 | D:9      | Identified the +10 quarterstaff of the Coin {freeze, rCorr}
                  | (You bought it in a shop on level 9 of the Dungeon)
 12313 | Lair:2   | Noticed a death yak
 12313 | Lair:2   | Noticed a death yak
 12313 | Lair:2   | Noticed a death yak
 12314 | Lair:2   | Noticed a death yak
 12316 | Lair:2   | Noticed a death yak
 12321 | Lair:1   | Killed a death yak
 12421 | Lair:2   | Reached skill level 11 in Fighting
 12444 | Lair:2   | Reached skill level 9 in Dodging
 12593 | Lair:2   | Killed a death yak
 12594 | Lair:2   | Killed a death yak
 12596 | Lair:2   | Killed a death yak
 12601 | Lair:2   | Killed a death yak
 12607 | Lair:2   | Killed a death yak
 12608 | Lair:2   | Gained mutation: You have sharp fingernails. [demonic
                  | ancestry]
 12608 | Lair:2   | Reached XP level 13. HP: 79/107 MP: 13/13
 12838 | Lair:2   | Found a staircase to the Swamp.
 12876 | Lair:2   | Noticed Fannar
 12895 | Lair:2   | Killed Fannar
 12896 | Lair:2   | Reached skill level 12 in Fighting
 12896 | Lair:2   | Reached skill level 10 in Dodging
 13417 | Lair:3   | Found a hole to the Spider Nest.
 14043 | Lair:3   | Upgraded the game from 0.30-a0-553-g7fabdf1491 to
                  | 0.30-a0-557-ge2afbf3030
 14067 | Lair:4   | Noticed Nessos
 14229 | D:12     | Found a gate leading to a gauntlet.
 14238 | Gauntlet | Entered a Gauntlet
 14238 | Gauntlet | Found a transporter.
 14238 | Gauntlet | Found a transporter.
 14242 | Gauntlet | Found a transporter.
 14244 | Gauntlet | Found a transporter.
 14254 | Gauntlet | Found a transporter.
 14319 | Gauntlet | Found a transporter.
 14321 | Gauntlet | Found a large runed translucent door.
 14322 | Gauntlet | Found a large runed translucent door.
 14323 | Gauntlet | Found a large runed translucent door.
 14323 | Gauntlet | Found a large runed translucent door.
 14323 | Gauntlet | Found a runed translucent door.
 14323 | Gauntlet | Found a runed translucent door.
 14324 | Gauntlet | Found a large runed translucent door.
 14325 | Gauntlet | Found a large runed translucent door.
 14326 | Gauntlet | Found a large runed translucent door.
 14326 | Gauntlet | Found a large runed translucent door.
 14327 | Gauntlet | Found a runed translucent gate.
 14327 | Gauntlet | Found a runed translucent gate.
 14327 | Gauntlet | Found a runed translucent gate.
 14329 | Gauntlet | Found a transporter.
 14338 | Gauntlet | Found a large runed translucent door.
 14338 | Gauntlet | Found a large runed translucent door.
 14339 | Gauntlet | Found a large runed translucent door.
 14340 | Gauntlet | Found a large runed translucent door.
 14344 | Gauntlet | Found a transporter.
 14356 | Gauntlet | Found a transporter.
 14369 | Gauntlet | Found a transporter.
 14375 | Gauntlet | Found a transporter.
 14396 | Gauntlet | Found a transporter.
 14407 | Gauntlet | Found a large runed translucent door.
 14408 | Gauntlet | Found a large runed translucent door.
 14409 | Gauntlet | Found a large runed translucent door.
 14409 | Gauntlet | Found a large runed translucent door.
 14491 | Gauntlet | Identified the amulet of the Louse {rElec Will++ Regen+
                  | Str-2 Dex+3}
 14524 | Gauntlet | Identified the +9 quarterstaff "Vemof" {heavy, rPois rF+
                  | rN+ Str-3}
 14528 | Gauntlet | Identified the ring "Italiv" {Ice *Corrode +Blink Str+8}
 14566 | Gauntlet | HP: 9/109 [efreet/+3 scimitar of flaming (4)]
 14567 | Gauntlet | Slain by a fire elemental

Vanquished Creatures
  Fannar (Lair:2)
  2 two-headed ogres
  A hydra (D:8)
  6 death yaks
  Lodul (D:10)
  A fire crab (Gauntlet)
  3 ugly things
  A cyclops (D:11)
  4 centaur zombies (D:11)
  5 black mambas
  A torpor snail (Lair:2)
  2 gargoyles
  8 cane toads
  6 komodo dragons
  3 unseen horrors
  3 rime drakes
  An efreet (D:11)
  4 trolls
  4 slime creatures
  2 dream sheep (D:8)
  3 shadows (D:11)
  3 wraiths
  A fire elemental (Gauntlet)
  20 yaks
  5 fire bats (Gauntlet)
  A basilisk (Lair:3)
  Eustachio (D:4)
  Menkaure (D:5)
  4 vampire mosquitoes (D:11)
  3 hell hounds (Gauntlet)
  2 acid dragons
  5 water moccasins
  A swamp drake (Lair:2)
  3 orc warriors
  A black bear (Lair:2)
  2 ice beasts (D:6)
  3 wolves (Lair:1)
  2 centaurs
  9 ogres
  A phantom (D:4)
  4 kobold brigands
  7 bullfrogs
  A gnoll sergeant (D:7)
  2 scorpions
  4 wights (D:8)
  37 killer bees
  3 howler monkeys
  3 hounds
  6 orc priests
  3 iguanas
  A boggart zombie (D:11)
  15 orc wizards
  Ijyb (D:4)
  6 hell rats (Lair:2)
  6 adders
  7 gnolls
  A shadow imp (D:6)
  A white imp (D:5)
  An ufetubus (D:4)
  2 worms
  3 dart slugs
  52 orcs
  9 ball pythons
  6 endoplasms
  2 giant cockroaches (D:3)
  9 goblins
  7 hobgoblins
  4 quokkas
  3 bats
  6 frilled lizards
  16 kobolds
  8 rats
  A bush (Lair:2)
367 creatures vanquished.

Vanquished Creatures (collateral kills)
  A boulder beetle (D:11)
  A meliai (D:11)
  A howler monkey (D:11)
  An orc wizard (D:11)
  A howler monkey zombie (D:11)
  An orc (D:11)
6 creatures vanquished.

Vanquished Creatures (others)
  An orc wizard (D:9)
  An orc (D:9)
  14 fungi
  24 plants
  4 withered plants (D:11)
44 creatures vanquished.

Grand Total: 417 creatures vanquished

Table legend: (Time is in decaauts)
 A = Elapsed time spent in this place.
 B = Non-inter-level travel time spent in this place.
 C = Inter-level travel time spent in this place.
 D = Time resting spent in this place.
 E = Time spent auto-exploring this place.
 F = Levels seen in this place.
 G = Mean time per level.
                   A        B        C        D        E       F      G
               +--------+--------+--------+--------+--------+-----+--------+
         Total |  14200 |  13286 |    914 |   1559 |   8916 |  18 |  788.9 |
       Dungeon |  10184 |   9625 |    559 |   1363 |   6190 |  12 |  848.7 |
        Temple |     64 |     35 |     29 |      0 |     24 |   1 |   64.0 |
          Lair |   3643 |   3318 |    325 |    196 |   2560 |   4 |  910.8 |
      Gauntlet |    308 |    308 |      0 |      0 |    142 |   1 |  308.0 |
               +--------+--------+--------+--------+--------+-----+--------+

Top non-repeatable levels by time:
  Lair:1: 1885 daAuts
     D:4: 1308 daAuts
     D:9: 1268 daAuts
    D:10: 1166 daAuts
    D:11: 992 daAuts
  Lair:2: 948 daAuts
     D:2: 936 daAuts
     D:6: 936 daAuts
     D:5: 814 daAuts
  Lair:3: 807 daAuts
     D:1: 804 daAuts
     D:7: 711 daAuts
     D:8: 673 daAuts
     D:3: 528 daAuts
Gauntlet: 308 daAuts

Table legend:
 A = Non-vault XP
 B = Vault XP
 C = Vault XP percentage of total XP
 D = Non-vault monster count
 E = Vault monster count
 F = Vault count percentage of total count
                 A         B        C        D         E       F
            +---------+---------+-------+---------+---------+-------
      Total |   29473 |   17597 |  37.4 |     273 |      99 |  26.6
            +---------+---------+-------+---------+---------+-------
        D:1 |      42 |       0 |   0.0 |      27 |       0 |   0.0
        D:2 |      46 |      24 |  34.3 |      16 |       6 |  27.3
        D:3 |     174 |      85 |  32.8 |      30 |       5 |  14.3
        D:4 |     397 |     220 |  35.7 |      25 |       2 |   7.4
        D:5 |     329 |     183 |  35.7 |      13 |       1 |   7.1
        D:6 |     877 |       0 |   0.0 |      27 |       0 |   0.0
        D:7 |     880 |       0 |   0.0 |      16 |       0 |   0.0
        D:8 |     936 |    1623 |  63.4 |      16 |       6 |  27.3
        D:9 |    3072 |       0 |   0.0 |      15 |       0 |   0.0
       D:10 |    2702 |    1461 |  35.1 |      16 |       7 |  30.4
       D:11 |    1876 |    8243 |  81.5 |      16 |      25 |  61.0
       D:12 |     575 |       0 |   0.0 |       1 |       0 |   0.0
     Lair:1 |    4500 |    2147 |  32.3 |      13 |      33 |  71.7
     Lair:2 |    9062 |    1221 |  11.9 |      30 |       4 |  11.8
     Lair:3 |    4005 |       0 |   0.0 |      12 |       0 |   0.0
   Gauntlet |       0 |    2390 | 100.0 |       0 |      10 | 100.0
            +---------+---------+-------+---------+---------+-------
